 Dungeon Crawl Stone Soup version 0.30.1-9-gdf580d7c3d (webtiles) character file.

Game seed: 7821288293143969564

290 fireball365 the Chopper (level 6, -6/53 HPs)
             Began as a Hill Orc Fighter on Oct 8, 2023.
             Was an Initiate of Gozag.
             Mangled by an ogre
             ... wielding a +0 giant spiked club
              (15 damage)
             ... on level 4 of the Dungeon.
             The game lasted 00:05:33 (2942 turns).

fireball365 the Chopper (Hill Orc Fighter)          Turns: 2942, Time: 00:05:34

Health: -6/53      AC: 18    Str: 21    XL:     6   Next: 32%
Magic:  6/6        EV:  8    Int:  8    God:    Gozag
Gold:   296        SH:  4    Dex: 10    Spells: 5/5 levels left

rFire   . . .        a - +0 war axe
rCold   . . .        c - +0 buckler
rNeg    . . .        f - +0 chain mail
rPois   .            i - +0 helmet
rElec   .            (no cloak)
rCorr   .            (no gloves)
SInv    .            (no boots)
Will    .....        (no amulet) Stlth
                     n - +4 ring of protection
HPRegen 0.28/turn    h - +4 ring of protection
MPRegen 0.10/turn

%: no passive effects
@: gold aura
A: no striking features
a: Renounce Religion, Potion Petition, Call Merchant, Bribe Branch


You were on level 4 of the Dungeon.
You worshipped Gozag.
Gozag was aware of your devotion.
You visited 1 branch of the dungeon, and saw 4 of its levels.

You collected 326 gold pieces.
You paid 30 gold pieces to Gozag.

Inventory:

Hand Weapons
 a - a +0 war axe (weapon)
Armour
 c - a +0 buckler (worn)
 f - a +0 chain mail (worn)
 i - a +0 helmet (worn)
Jewellery
 b - a ring of wizardry
 h - a +4 ring of protection (right hand)
 n - a +4 ring of protection (left hand)
Wands
 w - a wand of iceblast (7)
Scrolls
 j - a scroll of poison {unknown}
 k - a scroll of enchant weapon {unknown}
 m - a scroll of torment
 u - a scroll of immolation {unknown}
 v - a scroll of magic mapping
 y - a scroll of teleportation {unknown}
Potions
 d - a potion of might
 e - 2 potions of resistance
 g - 2 potions of brilliance
 l - a potion of mutation {unknown}
 o - 2 potions of curing
 p - 4 potions of heal wounds
 q - a potion of attraction
 r - a potion of ambrosia {unknown}
 s - a potion of haste {unknown}
 x - a potion of flight {unknown}


   Skills:
 + Level 4.3 Fighting
 + Level 5.7 Axes
 + Level 4.8 Armour
 + Level 1.2 Dodging
 + Level 4.0 Shields


You had 5 spell levels left.
You didn't know any spells.
Your spell library contained the following spells:

 Spells                   Type           Power      Damage    Failure   Level
 Malign Gateway           Summ/Tloc      0%         N/A       100%        7
 Summon Horrible Things   Summ           0%         N/A       100%        8


Dungeon Overview and Level Annotations

Branches:
Dungeon (4/15)
 Temple: D:4-7

Altars:
Elyvilon
Gozag
Wu Jian

Annotations:
D:4 Menkaure


Message History

The endoplasm quivers.
Menkaure mumbles, "Let me perform the rites..."
There is a large open door here.
An adder comes into view.
The ball python attacks as you move away!
You block the ball python's attack. The ball python closely misses you.
The ball python barely misses you. x2
You barely miss the ball python. The ball python barely misses you.
The ball python grabs you. The ball python constricts you.
You hit the ball python.
You kill the ball python!
You closely miss the ogre.
The ogre hits you with a +0 giant spiked club!
You hit the ogre.
The ogre is lightly wounded.
The ogre hits you but does no damage.
You hit the ogre.
The ogre is moderately wounded.
You hit the ogre.
The ogre is heavily wounded.
The ogre hits you with a +0 giant spiked club.
Menkaure casts a spell.
Menkaure seems to speed up.
You hit the ogre.
The ogre is heavily wounded.
Menkaure calls on the powers of darkness!
The dart slug convulses!
The endoplasm convulses!
The kobold convulses!
The ogre convulses!
Your body is wracked with pain!
The ogre hits you with a +0 giant spiked club!
* * * LOW HITPOINT WARNING * * *
Menkaure calls on the powers of darkness!
The dart slug convulses!
The endoplasm convulses!
The ogre convulses!
Your body is wracked with pain!
* * * LOW HITPOINT WARNING * * *
You barely miss the ogre.
The ogre is almost dead.
Menkaure giggles, "These cerements are ticklish..."
The ogre hits you with a +0 giant spiked club!
You die...
Your body crumbles into a pile of gold.

########
...!..........
....S.)......
##############
..J........♣
.............#
..OKwM...♣
############.##
.......♣ #..#
..... ##.####
♣..♣
#()..####''#
####@OKJMw.#
#########


You could see an ogre, Menkaure (fast), a dart slug, an endoplasm and a kobold.

Vanquished Creatures
  A scorpion (D:4)
  Terence (D:3)
  Ijyb (D:3)
  2 gnolls (D:4)
  6 adders
  4 worms
  4 dart slugs
  4 orcs
  6 ball pythons
  6 bats
  13 endoplasms
  4 giant cockroaches
  9 goblins
  3 hobgoblins
  7 jackals
  2 quokkas
  3 frilled lizards
  10 kobolds
  5 rats
91 creatures vanquished.

Notes
Turn   | Place    | Note
-------+----------+-------------------------------------------
     0 | D:1      | fireball365 the Hill Orc Fighter began the quest for the
                  | Orb.
     0 | D:1      | Reached XP level 1. HP: 19/19 MP: 1/1
   220 | D:1      | Reached XP level 2. HP: 19/27 MP: 2/2
   230 | D:1      | Reached skill level 3 in Axes
   249 | D:1      | Reached XP level 3. HP: 8/33 MP: 3/3
   959 | D:2      | Reached XP level 4. HP: 37/40 MP: 4/4
   961 | D:2      | Reached skill level 4 in Axes
  1041 | D:2      | Found a faded altar of an unknown god.
  1837 | D:3      | Found a white marble altar of Elyvilon.
  1856 | D:3      | Noticed Ijyb
  1856 | D:3      | Noticed Terence
  1865 | D:3      | Reached skill level 5 in Axes
  1874 | D:3      | Killed Terence
  1875 | D:3      | Reached XP level 5. HP: 32/46 MP: 5/5
  1877 | D:3      | Killed Ijyb
  1878 | D:3      | Reached skill level 1 in Dodging
  1978 | D:3      | Found an ornate altar of the Wu Jian Council.
  1999 | D:3      | Found an opulent altar of Gozag.
  2007 | D:3      | Became a worshipper of Gozag Ym Sagoz the Greedy
  2656 | D:4      | Reached XP level 6. HP: 48/52 MP: 6/6
  2928 | D:4      | Noticed Menkaure
  2942 | D:4      | Mangled by an ogre

Illustrated notes

Levels and vault maps discovered:
D:1:      nicolae_arrival_washed_ashore, layout_rooms, serial_park_tiny_2
D:2:      layout_basic, shapermc_ecumenical_altar_totnotflames
D:3:      kennysheep_big_flooded_room, layout_loops_cross, grunt_gozag_statues,
          elyvilon_altar_1, marbit_many_paths, uniq_terence, uniq_ijyb
D:4:      lemuel_castle_with_subvaults [lemuel_castle_interior_original],
          layout_loops_ring, kennysheep_cross_room, uniq_menkaure

Skill      XL: |  1  2  3  4  5 |
---------------+----------------+-----
Axes           | 3 5 |  5.7
Fighting       | 4 |  4.3
Armour         | 4 |  4.8
Dodging        | 1 |  1.2
Shields        | 4 |  4.0

Action                     |  1- 3 |  4- 6 || total
---------------------------+-------+-------++-------
  Melee: War axe           |   117 |   155 ||   272
    Use: Scroll            |       |     6 ||     6
 Armour: Chain mail        |   132 |   110 ||   242
  Dodge: Dodged            |    82 |    55 ||   137
  Block: Buckler           |    38 |    31 ||    69
